Map: Sequencer LE

Players

Serral - Winner!

  • Race: Zerg Zerg
  • League: Master
  • Spawn Location: 7:00

SortOf

  • Race: Zerg Zerg
  • League: Master
  • Spawn Location: 1:00

Event: HomeStory Cup XV

VOD

Have the link to the VOD?

Description

Time

  • Played on: July 22, 2017, 8:48 a.m.
  • Length: 13:24

All games in this series

Show
View Real Time Build Order
Export as new Build Order

Serral Zerg - Winner!

Build Orders: Hatch First 

Get SALT Encoding   

  12  0:01  Drone  
  13  0:13  Overlord  
  13  0:17  Drone  
  14  0:32  Drone x2  
  14  0:35  Drone  
  17  0:53  Hatchery  
  17  0:55  Drone  
  17  0:59  Drone  
  18  1:09  Extractor  
  17  1:13  Spawning Pool  
  17  1:17  Drone  
  17  1:20  Drone  
  18  1:29  Drone  
  19  1:40  Overlord  
  19  1:55  Drone  
  19  2:01  Queen, Zergling x2  
  20  2:04  Queen  
  20  2:05  Drone  
  26  2:09  Metabolic Boost  
  26  2:12  Drone  
  26  2:15  Drone  
  28  2:23  Drone  
  28  2:27  Drone  
  28  2:29  Baneling Nest  
  29  2:35  Zergling x2  
  31  2:37  Drone  
  31  2:49  Hatchery  
  30  2:52  Drone x2  
  30  2:56  Overlord  
  32  3:00  Drone  
  33  3:06  Drone  
  33  3:10  Drone x2  
  35  3:16  Overlord  
  35  3:17  Drone x3  
  38  3:21  Zergling x4  
  38  3:26  Zergling x2  
  41  3:32  Zergling x2  
  42  3:39  Overlord  
  42  3:42  Zergling x8  
  46  3:48  Zergling x2  
  46  3:51  Zergling x6  
  46  3:54  Baneling x2  
  51  3:55  Zergling x2  
  51  3:59  Lair  
  51  4:00  Extractor, Queen  
  51  4:02  Zergling x2  
  53  4:06  Drone x2  
  55  4:13  Drone  
  55  4:14  Drone x2  
  55  4:16  Drone x2  
  60  4:24  Roach Warren, Overlord  
  60  4:26  Extractor  
  60  4:29  Drone x2  
  60  4:30  Drone  
  61  4:31  Drone  
  61  4:35  Drone x2  
  64  4:40  Drone x2  
  64  4:47  Drone x2  
  64  4:51  Drone x2  
  64  4:54  Drone x2  
  64  4:56  Drone x2  
  64  4:57  Drone  
  66  5:08  Queen x2  
  66  5:12  Glial Reconstitution  
  65  5:15  Evolution Chamber  
  65  5:24  Roach x4  
  65  5:25  Pneumatized Carapace  
  71  5:32  Roach, Overlord  
  71  5:33  Overlord x3  
  73  5:37  Spine Crawler  
  73  5:41  Zerg Missile Weapons Level 1  
  72  5:46  Queen  
  72  5:48  Overlord  
  74  5:50  Queen  
  74  5:52  Roach x2  
  74  5:55  Roach  
  82  6:02  Drone  
  82  6:03  Drone x6  
  89  6:04  Overseer  
  89  6:09  Spore Crawler  
  89  6:10  Overseer  
  88  6:13  Spore Crawler x2  
  88  6:15  Overlord  
  88  6:18  Infestation Pit, Drone  
  86  6:19  Drone  
  86  6:23  Drone  
  86  6:24  Drone x3  
  91  6:27  Drone  
  91  6:28  Drone x2  
  91  6:30  Drone x2  
  94  6:33  Queen  
  94  6:35  Drone  
  94  6:36  Drone  
  98  6:41  Extractor  
  98  6:42  Overlord  
  98  6:46  Extractor, Drone x2  
  98  6:47  Extractor  
  98  6:51  Drone  
  98  6:52  Spore Crawler, Overlord  
  97  6:59  Roach x4  
  105  7:03  Roach  
  105  7:04  Roach x3  
  113  7:15  Overlord  
  113  7:16  Overlord  
  113  7:17  Infestor x3  
  113  7:22  Hydralisk Den  
  118  7:24  Overlord x2  
  118  7:33  Roach x2  
  118  7:35  Zerg Missile Weapons Level 2  
  122  7:37  Burrow  
  122  7:44  Overlord  
  122  7:53  Muscular Augments  
  122  7:55  Hydralisk x5  
  132  8:01  Hatchery  
  132  8:03  Overlord  
  132  8:05  Roach x6  
  143  8:12  Overlord  
  143  8:16  Overlord x4  
  145  8:20  Roach x3  
  145  8:23  Hydralisk  
  151  8:29  Hydralisk x3  
  157  8:36  Roach  
  157  8:37  Roach x3  
  165  8:44  Overlord x2  
  165  8:48  Drone  
  165  8:51  Spore Crawler  
  165  8:52  Roach x4  
  173  9:03  Overlord  
  173  9:05  Roach  
  173  9:06  Roach x4  
  183  9:14  Hive  
  183  9:24  Spore Crawler  
  182  9:25  Overseer  
  182  9:26  Overseer x3  
  182  9:27  Queen  
  182  9:30  Extractor  
  183  9:33  Drone x3  
  186  9:45  Hydralisk x2  
  186  9:46  Roach x2  
  186  9:49  Hatchery  
  186  9:51  Zerg Ground Armor Level 1  
  193  9:54  Drone x3  
  196  10:03  Roach x2  
  200  10:11  Overlord  
  200  10:24  Overlord  
  200  10:30  Tunneling Claws  
  188  10:55  Roach  
  188  10:56  Roach x7  
  186  11:11  Viper x3  
  186  11:12  Viper  
  192  11:21  Evolution Chamber  
  191  11:28  Drone x4  
  195  11:34  Spore Crawler  
  195  11:35  Spine Crawler  
  195  11:38  Extractor, Spine Crawler  
  155  11:45  Overseer x4  
  155  11:47  Hydralisk x5  
  153  11:48  Roach x9  
  153  11:49  Roach x3  
  153  11:52  Drone x2, Roach x4  
  153  11:53  Drone  
  190  11:58  Spire  
  189  12:02  Ravager  
  189  12:03  Ravager, Roach x7  
  189  12:05  Ravager  
  194  12:17  Roach x3  
  194  12:19  Unknown x4  
  194  12:20  Unknown  
  194  12:22  Hydralisk x2  
  192  12:23  Roach x2  
  190  12:37  Hydralisk x3  
  190  12:38  Hydralisk x3, Roach  
  177  12:57  Hydralisk x4  
  177  12:58  Hydralisk, Roach  
  169  12:59  Roach x14  
  169  13:04  Roach  
Show
View Real Time Build Order
Export as new Build Order

SortOf Zerg 

Build Orders: Hatch First, Lurkers 

Get SALT Encoding   

  12  0:01  Drone  
  13  0:12  Overlord  
  13  0:17  Drone  
  14  0:31  Drone x2  
  16  0:36  Drone  
  17  0:54  Hatchery  
  17  0:56  Drone  
  17  0:59  Drone  
  18  1:11  Extractor  
  17  1:14  Spawning Pool  
  17  1:18  Drone  
  17  1:21  Drone  
  18  1:28  Drone  
  19  1:38  Overlord  
  20  1:54  Drone  
  20  2:01  Zergling x2  
  20  2:02  Queen  
  20  2:06  Queen  
  20  2:07  Drone  
  26  2:11  Drone  
  27  2:18  Drone  
  28  2:23  Drone  
  28  2:28  Drone  
  30  2:38  Drone x2  
  30  2:39  Hatchery  
  31  2:44  Queen  
  31  2:49  Overlord  
  33  2:53  Drone  
  33  2:57  Drone  
  35  3:00  Overlord  
  35  3:11  Drone  
  36  3:16  Overlord  
  36  3:18  Lair  
  36  3:22  Drone x3  
  36  3:23  Drone x2  
  36  3:26  Drone  
  42  3:29  Drone  
  43  3:39  Evolution Chamber  
  43  3:40  Drone x2  
  44  3:42  Roach Warren  
  44  3:43  Drone  
  44  3:45  Drone  
  44  3:48  Drone  
  46  3:49  Drone  
  46  3:51  Extractor  
  46  3:53  Extractor  
  46  3:54  Drone x2  
  47  3:56  Drone  
  47  3:59  Extractor  
  47  4:00  Drone x2  
  49  4:04  Overlord  
  49  4:08  Drone x2  
  51  4:10  Drone x2  
  51  4:16  Overlord  
  53  4:21  Spire  
  53  4:23  Roach  
  54  4:27  Roach  
  54  4:28  Roach  
  58  4:32  Zerg Missile Weapons Level 1  
  58  4:34  Glial Reconstitution  
  60  4:38  Roach  
  60  4:41  Roach  
  60  4:44  Roach  
  64  4:47  Roach x2  
  64  4:51  Drone  
  64  4:52  Roach  
  67  4:58  Roach  
  57  5:02  Roach  
  48  5:20  Drone x2  
  50  5:23  Drone  
  50  5:25  Drone  
  52  5:29  Drone  
  52  5:33  Mutalisk  
  55  5:39  Mutalisk  
  57  5:47  Mutalisk  
  59  5:52  Mutalisk  
  59  5:55  Mutalisk  
  63  5:58  Drone x2  
  63  6:03  Drone  
  66  6:06  Queen  
  68  6:14  Overlord  
  68  6:16  Overlord  
  68  6:29  Hatchery  
  65  6:32  Queen  
  65  6:35  Drone x2  
  69  6:41  Roach x3  
  75  6:47  Drone  
  75  6:50  Drone, Hydralisk Den  
  76  6:58  Mutalisk  
  78  7:03  Drone  
  79  7:08  Mutalisk  
  81  7:23  Lurker Den  
  81  7:26  Drone x2  
  83  7:30  Drone  
  83  7:31  Overlord  
  83  7:32  Overlord  
  83  7:33  Zerg Missile Weapons Level 2, Overseer  
  84  7:40  Queen  
  86  7:47  Drone x4  
  90  7:55  Drone x4  
  90  7:56  Drone x2  
  96  8:00  Hydralisk  
  96  8:01  Hydralisk  
  100  8:07  Drone x3  
  100  8:09  Extractor  
  100  8:12  Extractor  
  101  8:15  Hydralisk  
  101  8:18  Hatchery  
  102  8:21  Hydralisk x2  
  102  8:24  Overlord  
  106  8:30  Overlord  
  106  8:34  Overlord  
  106  8:39  Overlord  
  106  8:46  Overlord  
  106  8:50  Lurker  
  106  8:51  Lurker x4  
  106  8:52  Spore Crawler  
  106  8:55  Hydralisk x3  
  114  8:56  Roach  
  114  9:02  Spore Crawler  
  117  9:03  Roach x2  
  117  9:08  Drone x2  
  121  9:13  Overlord  
  121  9:21  Lurker  
  121  9:22  Overlord  
  121  9:24  Overlord  
  122  9:31  Spore Crawler, Overlord  
  121  9:35  Drone x4  
  121  9:36  Drone x3  
  121  9:37  Drone  
  129  9:42  Overlord  
  129  9:45  Lurker x2  
  131  9:48  Roach x3  
  137  9:53  Roach x2  
  141  10:00  Zerg Ground Armor Level 1  
  141  10:07  Spore Crawler, Overlord  
  141  10:10  Overlord  
  138  10:16  Overlord  
  138  10:18  Muscular Augments  
  138  10:20  Roach x2  
  138  10:21  Roach  
  144  10:42  Roach x6  
  161  10:43  Roach x7  
  153  10:50  Roach x5  
  153  10:56  Roach x3  
  157  11:02  Roach x2  
  157  11:03  Roach  
  138  11:06  Drone x2  
  138  11:07  Drone x2  
  138  11:09  Drone  
  139  11:12  Ravager x6  
  139  11:13  Ravager  
  146  11:20  Ravager x3  
  146  11:21  Ravager x2  
  146  11:25  Queen  
  153  11:26  Drone x5  
  153  11:28  Extractor  
  153  11:30  Overseer  
  157  11:39  Roach x5  
  142  11:44  Hydralisk x3  
  148  11:48  Drone x2  
  150  11:54  Pneumatized Carapace  
  150  11:55  Hydralisk x2  
  154  12:06  Hydralisk  
  154  12:07  Hydralisk x3  
  160  12:18  Hydralisk x3  
  154  12:39  Overlord x4  
  113  12:53  Roach x11  
  113  12:54  Roach  
  117  12:59  Roach x2  
  117  13:03  Roach  
  106  13:09  Drone  
Tags
 
Add a new tag
Caveats
  • Supply blocks, unpowered buildings, or Contaminate may cause inaccurate times.
  • Supply counts are checked every 10 seconds.